 Dungeon Crawl Stone Soup version 0.31-a0-971-g75a2e9a4b4 (webtiles) character file.

Game seed: 11162102293622597604

3136 Getoffmy the Mimic (level 9, 0/88 HPs)
             Began as a Troll Shapeshifter on Oct 28, 2023.
             Was a Follower of the Shining One.
             Slain by a bullfrog (4 damage)
             ... on level 8 of the Dungeon on Oct 29, 2023.
             The game lasted 00:09:45 (5561 turns).

Getoffmy the Mimic (Troll Shapeshifter)             Turns: 5561, Time: 00:09:46

Health: 0/88       AC:  4    Str: 28    XL:     9   Next: 61%
Magic:  8/8        EV:  9    Int:  6    God:    the Shining One [*.....]
Gold:   552        SH:  0    Dex:  9    Spells: 8/8 levels left

rFire   + .          .
                       - Unarmed
rCold   . . .        (no shield)
rNeg    . . .        a - +0 animal skin
rPois   .            (helmet currently unavailable)
rElec   .            (cloak currently unavailable)
rCorr   +            (gloves unavailable)
SInv    .            (boots unavailable)
Will    .....        (no amulet)
Stlth   +            g - ring of resist corrosion
HPRegen 1.14/turn    v - ring of protection from fire
MPRegen 0.11/turn

%: no passive effects
@: beast-form, glowing, studying Unarmed Combat
A: beast (slay +4), large, unfitting armour, claws 3, regeneration 1, shaggy fur
1, tough skin 1
a: Begin Untransformation, Renounce Religion, Divine Shield


You were on level 8 of the Dungeon.
You worshipped the Shining One.
The Shining One was aware of your devotion.
You were a hulking beast.
You visited 1 branch of the dungeon, and saw 8 of its levels.

You collected 552 gold pieces.

Inventory:

Missiles
 k - 19 poisoned darts
 m - 5 large rocks
 r - a throwing net
 G - a curare-tipped dart
Armour
 a - a +0 animal skin (worn)
 i - a +0 cloak
Jewellery
 e - a ring of ice
 g - a ring of resist corrosion (left claw)
 p - a ring of ice
 v - a ring of protection from fire (right claw)
Talismans
 c - a beast talisman
 d - a flux talisman
Wands
 o - a wand of mindburst (14)
 u - a wand of paralysis (44)
 A - a wand of roots (3)
 B - a wand of digging (2)
 C - a wand of light (10)
Scrolls
 f - a scroll of brand weapon
 j - 2 scrolls of identify
 q - a scroll of enchant weapon
 w - a scroll of teleportation
 z - a scroll of fog
Potions
 b - a potion of lignification
 h - 2 potions of might
 l - 2 potions of enlightenment
 n - 3 potions of heal wounds
 t - a potion of attraction
 x - 2 potions of curing
 D - a potion of magic
 F - a potion of cancellation {unknown}
 H - a potion of degeneration {unknown}


   Skills:
 + Level 5.6 Fighting
 - Level 1.5 Dodging
 + Level 7.8 Unarmed Combat
 + Level 1.3 Invocations
 + Level 9.2 Shapeshifting


You had 8 spell levels left.
You didn't know any spells.
Your spell library contained the following spells:

 Spells                   Type           Power      Damage    Failure   Level
 Summon Small Mammal      Summ           0%         N/A       45%         1
 Ensorcelled Hibernation  Hex/Ice        0%         N/A       58%         2
 Jinxbite                 Hex            0%         N/A       58%         2
 Call Canine Familiar     Summ           0%         N/A       83%         3
 Summon Guardian Golem    Hex/Summ       0%         N/A       83%         3
 Anguish                  Hex/Necr       0%         N/A       99%         4


Dungeon Overview and Level Annotations

Branches:
Dungeon (8/15)             Temple (0/1) D:5
   Lair: D:8-11

Altars:
Ashenzari
Dithmenos
Elyvilon
Hepliaklqana
Wu Jian
The Shining One

Shops:
D:7 (


Innate Abilities, Weirdness & Mutations

You are a hulking beast.
Your limbs bulge with bestial killing power. (Slay +4)
You are too large for most types of armour.
You have claws for hands.
Your natural rate of healing is unusually fast.
You are covered in fur. (AC +1)
You have tough skin. (AC +1)


Message History

You are too injured to fight recklessly!
The orc attacks as it pursues you! The orc hits you with a +0 short sword.
A bullfrog comes into view.
A wyvern comes into view.
The yak attacks as it pursues you! The yak gores you!
* * * LOW HITPOINT WARNING * * *
You scratch the bullfrog.
The bullfrog is moderately wounded.
The bullfrog closely misses you. The orc hits you with a +0 short sword.
* * * LOW HITPOINT WARNING * * *
The yak gores you!
* * * LOW HITPOINT WARNING * * *
You barely miss the bullfrog.
The bullfrog is moderately wounded.
The bullfrog hits you but does no damage.
The orc hits you with a +0 short sword.
* * * LOW HITPOINT WARNING * * *
The yak closely misses you.
Unknown command.
Okay, then.
You feel much better. The bullfrog hits you.
* * * LOW HITPOINT WARNING * * *
The bullfrog hits you.
* * * LOW HITPOINT WARNING * * *
The orc barely misses you. The yak gores you.
* * * LOW HITPOINT WARNING * * *
The sentinel's mark upon you fades away.
The bullfrog hits you!
* * * LOW HITPOINT WARNING * * *
The bullfrog hits you but does no damage.
The bullfrog barely misses you. The orc attacks as it pursues you!
The orc closely misses you. The bullfrog hits you.
* * * LOW HITPOINT WARNING * * *
The orc attacks as it pursues you! The orc misses you. The bullfrog hits you.
* * * LOW HITPOINT WARNING * * *
The orc attacks as it pursues you! The orc hits you with a +0 short sword.
* * * LOW HITPOINT WARNING * * *
The bullfrog attacks as it pursues you! The bullfrog hits you.
You die...

... ### ..#
..########...#.
#.#.....(......
#.#.....†.....#
#.#lY#####$....
###.#.o# ..#
#....F.# #
#.#.#h##
#.#.#.#.#
#.....#.#
#.#.#...###
#.....#...#####.#
####.##.#.......#
... #.######...
#### #.#######
#.......#


You could see a yak, a wyvern, a bullfrog and an orc.

Vanquished Creatures
  A hornet (D:7)
  2 yaks (D:8)
  A steam dragon (D:7)
  A water moccasin (D:6)
  Duvessa (D:7)
  A black bear (D:4)
  3 ice beasts
  4 ogres
  A centaur (D:7)
  A phantom (D:4)
  2 kobold brigands
  A bullfrog (D:6)
  3 scorpions (D:5)
  4 wights (D:7)
  Dowan (D:7)
  A howler monkey (D:6)
  3 hounds
  3 jellies
  2 orc priests (D:6)
  5 orc wizards
  8 iguanas
  6 gnolls (D:4)
  5 adders
  2 ufetubi (D:5)
  2 worms
  4 dart slugs
  22 orcs
  5 ball pythons
  5 endoplasms
  3 giant cockroaches (D:2)
  6 goblins
  10 hobgoblins
  6 jackals
  15 kobolds
  2 quokkas
  6 bats
  2 frilled lizards (D:2)
  5 rats
155 creatures vanquished.

Notes
Turn   | Place    | Note
-------+----------+-------------------------------------------
     0 | D:1      | Getoffmy the Troll Shapeshifter began the quest for the
                  | Orb.
     0 | D:1      | Reached XP level 1. HP: 18/18 MP: 0/0
   128 | D:1      | Reached skill level 1 in Fighting
   215 | D:1      | Reached XP level 2. HP: 26/27 MP: 1/1
   679 | D:2      | Reached XP level 3. HP: 32/33 MP: 2/2
   914 | D:2      | Reached XP level 4. HP: 41/41 MP: 3/3
   968 | D:2      | Reached skill level 4 in Shapeshifting
  1342 | D:3      | Found the +6 shillelagh "Devastator" {shatter}
  1372 | D:3      | Found a faded altar of an unknown god.
  1619 | D:4      | Noticed a phantom
  1637 | D:4      | Killed a phantom
  1638 | D:4      | Reached XP level 5. HP: 42/49 MP: 4/4
  1730 | D:4      | Found a shadowy altar of Dithmenos.
  1761 | D:4      | Paralysed by a kobold for 3 turns
  1773 | D:4      | Found a broken altar of Ashenzari.
  1853 | D:4      | Reached skill level 5 in Shapeshifting
  1853 | D:4      | Reached XP level 6. HP: 57/59 MP: 5/5
  2181 | D:4      | Found a glowing golden altar of the Shining One.
  2533 | D:4      | Became a worshipper of the Shining One
  2543 | D:5      | Entered Level 5 of the Dungeon
  2608 | D:5      | Reached XP level 7. HP: 58/67 MP: 6/6
  2642 | D:5      | Reached skill level 5 in Unarmed Combat
  2642 | D:5      | Reached skill level 6 in Shapeshifting
  3059 | D:5      | Found a staircase to the Ecumenical Temple.
  3490 | D:6      | Reached XP level 8. HP: 67/78 MP: 7/7
  3529 | D:6      | Reached skill level 7 in Shapeshifting
  3876 | D:6      | Paralysed by an orc for 3 turns
  4076 | D:6      | Reached skill level 8 in Shapeshifting
  4211 | D:6      | Reached * piety under the Shining One
  4406 | D:7      | Noticed Duvessa
  4406 | D:7      | Noticed Dowan
  4549 | D:7      | Reached XP level 9. HP: 84/87 MP: 8/8
  4627 | D:7      | Killed Dowan
  4801 | D:7      | Reached skill level 5 in Fighting
  4866 | D:7      | Found a hazy altar of Hepliaklqana.
  4918 | D:7      | Killed Duvessa
  5056 | D:7      | Identified a scroll of acquirement
  5056 | D:7      | Acquired a manual of Unarmed Combat
  5099 | D:7      | Reached skill level 9 in Shapeshifting
  5115 | D:7      | Found Buireeff's Antique Weapon Boutique.
  5355 | D:7      | Found an ornate altar of the Wu Jian Council.
  5372 | D:7      | Found a white marble altar of Elyvilon.
  5546 | D:8      | Reached skill level 1 in Invocations
  5560 | D:8      | HP: 3/88 [orc/+0 short sword (5)]
  5561 | D:8      | Slain by a bullfrog

Illustrated notes

Levels and vault maps discovered:
D:1:      reono_arrival_mine, layout_basic
D:2:      layout_basic, minmay_misc_feat_tiny, minivault_25
D:3:      layout_basic, shapermc_ecumenical_altar_mp_highgroup
D:4:      layout_basic, nicolae_dithmenos_the_darkroom,
          nicolae_ashenzari_panopticon, overflow_temple_1_default
D:5:      layout_basic, minmay_temple_entry_gardened_gates
D:6:      layout_basic, minmay_gold_behind_fungi, mrwooster_statue_mirror
D:7:      layout_basic, nzn_hepliaklqana_mist_gate, elyvilon_altar_1,
          nicolae_wu_jian_glorious_leap, serial_shops, nicolae_shop_statue_plus,
          chequers_serial_rivers_micro_c, uniq_duvessa
D:8:      layout_basic

Skill      XL: |  1  2  3  4  5  6  7  8  9 |
---------------+----------------------------+-----
Fighting       | 1 2 3 4 5 |  5.6
Shapeshifting  | 4 5 6 8 9 |  9.2
Unarmed Combat | 4 5 6 7 |  7.8
Invocations    | 1 |  1.3
Dodging        | |  1.5

Action                     |  1- 3 |  4- 6 |  7- 9 || total
---------------------------+-------+-------+-------++-------
  Melee: Unarmed           |    81 |    96 |   197 ||   374
         Punch             |     1 |     1 |     5 ||     7
  Evoke: Wand              |       |       |     2 ||     2
    Use: Scroll            |       |       |    15 ||    15
         Potion            |       |       |     3 ||     3
   Stab: Sleeping          |       |     1 |       ||     1
 Armour: Animal skin       |    45 |    58 |   186 ||   289
  Dodge: Dodged            |    29 |    38 |    84 ||   151

Table legend: (Time is in decaauts)
 A = Elapsed time spent in this place.
 B = Non-inter-level travel time spent in this place.
 C = Inter-level travel time spent in this place.
 D = Time resting spent in this place.
 E = Time spent auto-exploring this place.
 F = Levels seen in this place.
 G = Mean time per level.
                   A        B        C        D        E       F      G
               +--------+--------+--------+--------+--------+-----+--------+
         Total |   5527 |   5221 |    306 |    819 |   3412 |   8 |  690.9 |
       Dungeon |   5527 |   5221 |    306 |    819 |   3412 |   8 |  690.9 |
               +--------+--------+--------+--------+--------+-----+--------+

Top non-repeatable levels by time:
     D:6: 1028 daAuts
     D:7: 953 daAuts
     D:5: 936 daAuts
     D:4: 933 daAuts
     D:1: 642 daAuts
     D:2: 485 daAuts
     D:3: 468 daAuts
     D:8: 78 daAuts
